 Seeded DCSS version 0.30.1-6-gbe392663c4 (webtiles) character file.

Game seed: 18007716519941398942 (custom seed)

50 Psyclone the Conjurer (level 3, 19/19 HPs)
             Began as a Deep Elf Conjurer on Sept 20, 2023.
             Quit the game on level 1 of the Dungeon.
             The game lasted 00:05:00 (1516 turns).

Psyclone the Conjurer (Deep Elf Conjurer)           Turns: 1516, Time: 00:05:00

Health: 19/19      AC:  3    Str: 10    XL:     3   Next: 55%
Magic:  10/10      EV: 28    Int: 24    God:
Gold:   494        SH:  0    Dex: 17    Spells: 8/9 levels left

rFire   + + .        o - staff of conjuration "Cupn" {rCorr Dex+2}
rCold   . . .        (no shield)
rNeg    + . .        a - +1 robe
rPois   .            (no helmet)
rElec   .            (no cloak)
rCorr   +            (no gloves)
SInv    .            (no boots)
Will    .....        e - amulet of the acrobat
Stlth   +++          p - ring of Ageobycw {Contam rF++ rN+ rCorr Str+6 Dex+2}
HPRegen 0.23/turn    (no ring)
MPRegen 0.12/turn

%: acrobat
@: acrobatic
A: no striking features
a: no special abilities


You were on level 1 of the Dungeon.
You visited 1 branch of the dungeon, and saw 2 of its levels.

You collected 494 gold pieces.

Inventory:

Armour
 a - a +1 robe (worn)
Magical Staves
 o - the staff of conjuration "Cupn" (weapon) {rCorr Dex+2}
   (You acquired it on level 1 of the Dungeon)

   [staff of conjuration]

   Base accuracy: +5 Base damage: 5 Base attack delay: 1.2 This weapon's minimum
   attack delay (0.6) is reached at skill level 12.
   Dex:       It affects your dexterity (+2).
   rCorr:     It protects you from acid and corrosion.
   It falls into the 'Staves' category.
   It is a one-handed weapon.
Jewellery
 d - an amulet of faith
 e - an amulet of the acrobat (around neck)
 g - a ring of willpower
 p - the ring of Ageobycw (left hand) {Contam rF++ rN+ rCorr Str+6 Dex+2}
   (You acquired it on level 1 of the Dungeon)

   [ring of strength]

   Str:       It affects your strength (+6).
   Dex:       It affects your dexterity (+2).
   rF:        It greatly protects you from fire.
   rN:        It protects you from negative energy.
   Contam:    It causes magical contamination when unequipped.
   rCorr:     It protects you from acid and corrosion.
Scrolls
 h - a scroll of enchant armour
 i - a scroll of identify {unknown}
 j - 3 scrolls of amnesia {unknown}
 n - a scroll of fog {unknown}
Potions
 b - a potion of magic
 c - a potion of berserk rage {unknown}
 f - 3 potions of might {unknown}
 k - a potion of attraction {unknown}
 l - 2 potions of heal wounds {unknown}


   Skills:
 + Level 3.2 Dodging
 + Level 3.3 Stealth
 + Level 3.7 Spellcasting
 + Level 4.8 Conjurations


You had 8 spell levels left.
You knew the following spells:

 Your Spells              Type           Power      Damage    Failure   Level
a - Magic Dart            Conj           100%       1d8       1%          1

Your spell library contained the following spells:

 Spells                   Type           Power      Damage    Failure   Level
 Searing Ray              Conj           82%        2d7       1%          2
 Dazzling Flash           Conj/Hex       48%        N/A       11%         3
 Fulminant Prism          Conj/Hex       12%        3d9       36%         4
 Iskenderun's Mystic Bla  Conj/Tloc      24%        2d7       36%         4


Dungeon Overview and Level Annotations

Branches:
Dungeon (2/15) Zot: 10484

Altars:

Shops:
D:2 :


Message History

You can't see any susceptible monsters within range! (Use Z to cast anyway.) Unknown command.
Casting: Magic Dart (safe; 1% risk of failure)
Confirm with . or Enter, or press ? or * to list all spells.
You can't see any susceptible monsters within range! (Use Z to cast anyway.) Unknown command.
Things that are here:
a +0 dagger; a goblin corpse
o - 3 scrolls labelled DICAOL JAOKK MP restored: 10
Things that are here:
a +0 dagger; a goblin corpse This is a scroll of acquirement!
Something appears at your feet! Something appears at your feet!
Something appears at your feet!
o - the staff of conjuration "Cupn" {rCorr Dex+2}
p - the ring of Ageobycw {Contam rF++ rN+ rCorr Str+6 Dex+2} You now have 494 gold pieces (gained 475).
You feel agile.
o - the staff of conjuration "Cupn" (weapon)
{rCorr Dex+2} Really put on
p - the ring of Ageobycw {Contam rF++ rN+ rCorr Str+6 Dex+2}?
You feel stronger.
You feel agile.
You feel a build-up of mutagenic energy.
p - the ring of Ageobycw (left hand) {Contam rF++ rN+ rCorr Str+6 Dex+2}
(D) Dungeon
Where to? (? - help)
There is a stone staircase leading down here.
You climb downwards.
There is a stone staircase leading up here.
A goblin is nearby!
As you read the scroll of magic mapping, it crumbles to dust.
You feel aware of your surroundings.
Unknown command.
You climb upwards.
There is a stone staircase leading down here.
There is a stone staircase leading down here.
There is a stone staircase leading down here.
There is a stone staircase leading down here.
There is a stone staircase leading down here.
Are you sure you want to abandon this character and quit the game? (Confirm with "yes".)

.......#≈#..## ##.#.# #
.......##...#######..#.##########
.......#..#..................(...
......##..#.####..##.#.##########
.....###....# #.###.#.# ....##
#.†..# #.# #.#.##########
.#######..#.# #.# #.#...........
..#.......#.# ##.# #.############
.#........#.###.@# #.# #.....
#.....#####.#...####.##### #.###.
....#.#####...####......)# #.# #.
...##....##.### #.#.##.## #.# #.
..#........># #.#..#.# ##.###)
###.........# #.##.#.# #......
#........## #.##.#.# #..###.
#........# #####)##.#.# #..# #†
#........# #.....##.#.# #..# ##


There were no monsters in sight!

Vanquished Creatures
  2 dart slugs
  A bat (D:1)
  5 endoplasms (D:1)
  2 giant cockroaches
  7 goblins (D:1)
  2 hobgoblins (D:1)
  6 jackals
  2 quokkas (D:1)
  2 ball pythons
  3 frilled lizards (D:1)
  4 kobolds
  3 rats (D:1)
39 creatures vanquished.

Notes
Turn   | Place    | Note
-------+----------+-------------------------------------------
     0 | D:1      | Psyclone the Deep Elf Conjurer began the quest for the Orb.
     0 | D:1      | Reached XP level 1. HP: 10/10 MP: 6/6
   221 | D:1      | Reached XP level 2. HP: 15/15 MP: 6/8
   719 | D:1      | Reached XP level 3. HP: 19/19 MP: 5/10
   832 | D:1      | You fall into a shaft and drop 1 floor!
   983 | D:2      | Identified the +2 hand axe "Plog" {drain, +Blink rCorr}
   991 | D:2      | Found Lemucar's Book Boutique.
  1052 | D:1      | Found a faded altar of an unknown god.
  1052 | D:1      | Noticed a neqoxec
  1431 | D:1      | Identified 3 scrolls of acquirement
  1431 | D:1      | Acquired the ring of Ageobycw {Contam rF++ rN+ rCorr Str+6
                  | Dex+2}
  1432 | D:1      | Acquired 475 gold pieces
  1433 | D:1      | Acquired the staff of conjuration "Cupn" {rCorr Dex+2}
  1516 | D:1      | Quit the game

Illustrated notes

Levels and vault maps discovered:
D:1:      psy_arrival_dodecagon, layout_basic,
          dreamdust_ecumenical_altar_sealed_demon
D:2:      layout_loops_cross, serial_shops, shop, minmay_misc_feat_cross,
          glass_columns_c, minmay_ruptured

Skill      XL: |  1  2 |
---------------+-------+-----
Dodging        | 3 |  3.2
Stealth        | 3 |  3.3
Spellcasting   | |  3.7
Conjurations   | |  4.8

Action                     || total
---------------------------++-------
  Melee: Unarmed           ||     4
   Cast: Magic Dart        ||    66
    Use: Scroll            ||    10
 Armour: Robe              ||     1
  Dodge: Dodged            ||     6
